 Dungeon Sprint DCSS version 0.30-a0-279-g4b46babb21 (webtiles) character file.

Game seed: 9962295875428854855

188 rocky1 the Martial Artist (level 5, -1/42 HPs)
             Began as a Draconian Transmuter on Oct 16, 2022.
             Slain by a shadow (4 damage)
             ... in the Dungeon (Sprint III: "The Ten Rune Challenge").
             The game lasted 00:04:14 (1269 turns).

rocky1 the Martial Artist (Draconian Transmuter)    Turns: 1269, Time: 00:04:14

Health: -1/42      AC:  5    Str: 12    XL:     5   Next: 39%
Magic:  11/11      EV: 13    Int: 15    God:
Gold:   42         SH:  0    Dex: 12    Spells: 2/13 levels left

rFire   . . .      SeeInvis .      - Unarmed
rCold   . . .      Faith    .    (no shield)
rNeg    . . .      Spirit   .    (body armour unavailable)
rPois   .          Reflect  .    (helmet currently unavailable)
rElec   .          Harm     .    (no cloak)
rCorr   .          Rampage  .    (no gloves)
Will    .....      NoTele   +    (boots currently unavailable)
Stlth   +.........               (no amulet)
HPRegen 0.27/turn                (no ring)
MPRegen 0.12/turn                (no ring)

@: appendages, hasted, very quick
A: horns 2, talons 2, AC +5, unfitting armour, cold-blooded
a: End Transformation


You were in the Dungeon.
You had temporarily grown beastly horns and talons.
You visited 1 branch You collected 42 gold pieces.

Inventory:

Hand Weapons
 b - a +2 dagger of venom
Scrolls
 h - 3 scrolls of torment {unknown}
 i - 2 scrolls of identify
 l - a scroll of poison {unknown}
 m - 3 scrolls of amnesia {unknown}
Potions
 a - a potion of lignification
 e - 2 potions of magic
 j - a potion of degeneration {unknown}
 k - 4 potions of flight
 n - 6 potions of mutation


   Skills:
 + Level 2.6 Fighting
 + Level 4.2 Dodging
 - Level 0.5 Stealth
 + Level 8.2 Unarmed Combat
 - Level 4.6 Spellcasting
 + Level 4.6 Transmutations
 - Level 0.5 Poison Magic


You had 2 spell levels left.
You knew the following spells:

 Your Spells              Type           Power      Damage    Failure   Level
a - Beastly Appendage     Tmut           34%        N/A       2%          1
b - Wereblood             Tmut           17%        N/A       3%          2
c - Spider Form           Tmut/Pois      11%        N/A       17%         3
d - Ice Form              Ice/Tmut       10%        N/A       54%         4
e - Foxfire               Conj/Fire      12%        2x1d4     17%         1

Your spell library contained the following spells:

 Spells                   Type           Power      Damage    Failure   Level
 Kiss of Death            Conj/Necr      12%        2d6       17%         1
 Magic Dart               Conj           12%        1d3       17%         1
 Animate Dead             Necr           3%         N/A       86%         4
 Borgnjor's Vile Clutch   Necr/Erth      1%         N/A       99%         5
 Death Channel            Necr           1%         N/A       100%        6


Dungeon Overview and Level Annotations

Branches:
Dungeon (1/1)

Altars:
Kikubaaqudgha
Sif Muna
Vehumet


Innate Abilities, Weirdness & Mutations

You have temporarily grown beastly horns and talons.
Your plain brown scales are hard. (AC +5)
You cannot fit into any form of body armour.
You are cold-blooded and may be slowed by cold attacks.


Message History

You barely miss the shadow.
The shadow is lightly damaged.
The shadow hits you.
* * * LOW HITPOINT WARNING * * *
You hit the shadow. Your kick misses the shadow.
The shadow is moderately damaged.
The shadow hits you.
You feel much better. The shadow hits you.
You feel yourself speed up. The shadow hits you!
You hit the shadow. Your headbutt misses the shadow.
You tail-slap the shadow, but do no damage.
The shadow is heavily damaged.
The shadow slips into darkness.
The shadow flickers and vanishes!
Deactivating autopickup; reactivate with Ctrl-A.
You closely miss something. Your kick misses something.
You tail-slap something. You punch something. You closely miss something.
Your kick misses something.
The shadow strikes at you from the darkness!
* * * LOW HITPOINT WARNING * * *
Reactivating autopickup.
You hit the shadow but do no damage. You punch the shadow, but do no damage.
The shadow is heavily damaged.
You closely miss the shadow. You claw the shadow, but do no damage.
You headbutt the shadow.
The shadow is heavily damaged.
The shadow misses you.
You barely miss the shadow. You claw the shadow, but do no damage.
You tail-slap the shadow, but do no damage.
The shadow is heavily damaged.
The shadow hits you.
* * * LOW HITPOINT WARNING * * *
You punch the shadow!
You headbutt the shadow, but do no damage.
The shadow is almost destroyed.
You closely miss the shadow. Your kick misses the shadow.
Your headbutt misses the shadow.
The shadow is almost destroyed.
The shadow hits you.
You die...

▓ ▓▓▓ ♣♣ ♣.# .♣
♣♣.# .♣ ♣..# .♣
♣..###+#+###+##
♣♣♣♣..#..........#
~...♣.'[⌠........#
~~~♣♣.#...######@#
~~....#.⌠.# #.W.#
~.....#...# #...#
......#'### #...#
......#.).# #...+
......#___# +...#
▓▓▓▓▓▓▓▓▓▓▓ ▓▓▓▓▓


You could see a shadow.

Vanquished Creatures
  A water elemental (D)
  A jelly (D)
  A wizard (D)
  Jessica (D)
  A human (D)
  A kobold demonologist (D)
  A phantom (D)
  An endoplasm (D)
  A rat (D)
9 creatures vanquished.

Vanquished Creatures (others)
  7 foxfires (D)
7 creatures vanquished.

Grand Total: 16 creatures vanquished

Notes
Turn   | Place    | Note
-------+----------+-------------------------------------------
     0 | D        | rocky1 the Draconian Transmuter began the quest for the
                  | Orb.
     0 | D        | Reached XP level 1. HP: 16/16 MP: 3/3
   115 | D        | Noticed Jessica
   118 | D        | Killed Jessica
   119 | D        | Reached skill level 5 in Unarmed Combat
   119 | D        | Reached XP level 2. HP: 15/23 MP: 2/5
   191 | D        | Reached XP level 3. HP: 4/28 MP: 4/7
   402 | D        | Reached skill level 6 in Unarmed Combat
   572 | D        | Learned a level 2 spell: Wereblood
   577 | D        | Learned a level 3 spell: Spider Form
   581 | D        | Noticed a water elemental
   587 | D        | Killed a water elemental
   588 | D        | Reached skill level 7 in Unarmed Combat
   588 | D        | Reached XP level 4. HP: 35/35 MP: 5/10
   638 | D        | Found a radiant altar of Vehumet.
   639 | D        | Found a shimmering blue altar of Sif Muna.
   639 | D        | Found an ancient bone altar of Kikubaaqudgha.
   639 | D        | Noticed a wizard
   641 | D        | Noticed a sun demon
   643 | D        | Noticed a red devil
   643 | D        | Killed a wizard
   644 | D        | Reached XP level 5. HP: 22/40 MP: 8/11
   648 | D        | HP: 1/40 [sun demon[a kobold demonologist] (17)]
   838 | D        | Reached skill level 8 in Unarmed Combat
  1056 | D        | Got A Beginning Course on Witchery
  1067 | D        | Learned a level 4 spell: Ice Form
  1086 | D        | Learned a level 1 spell: Foxfire
  1247 | D        | Noticed a shadow
  1269 | D        | Slain by a shadow

Illustrated notes

Levels and vault maps discovered:
D:        dungeon_sprint_mu [sprint_mu_entry_forest, sprint_mu_temple_rooms,
          sprint_mu_d1_horrors, sprint_mu_d2_genie, sprint_mu_d3_branching,
          sprint_mu_orc_legion, sprint_mu_elf_gauntlet, sprint_mu_hive_nellie,
          sprint_mu_lair_fedhas, sprint_mu_vaults_butterflies,
          sprint_mu_slime_circle, sprint_mu_swamp_cave, sprint_mu_shoals_archi,
          sprint_mu_blade_basic, sprint_mu_crypt_lich, sprint_mu_tomb_spiral,
          sprint_mu_vestibule_basic, sprint_mu_gehenna_hellfire,
          sprint_mu_dis_giant, sprint_mu_tartarus_statrot,
          sprint_mu_cocytus_islands, sprint_mu_zot1]

Skill      XL: |  1  2  3  4  5 |
---------------+----------------+-----
Dodging        | 2 3 4 |  4.2
Unarmed Combat | 5 7 8 |  8.2
Spellcasting   | 3 4 |  4.6
Transmutations | 3 4 |  4.6
Fighting       | 2 |  2.6
Stealth        | |  0.5
Poison Magic   | |  0.5

Action                   |  1- 3 |  4- 6 || total
-------------------------+-------+-------++-------
Melee: Unarmed           |    37 |    29 ||    66
       Tailslap          |     7 |     4 ||    11
       Kick              |     7 |     3 ||    10
       Headbutt          |     5 |     3 ||     8
       Punch             |       |     2 ||     2
 Cast: Beastly Appendage |     4 |     2 ||     6
       Spider Form       |     1 |     2 ||     3
       Foxfire           |       |     4 ||     4
  Use: Potion            |     1 |     3 ||     4
       Scroll            |       |     1 ||     1
 Stab: Sleeping          |       |     1 ||     1
Armor: Skin              |     2 |     2 ||     4
Dodge: Dodged            |    21 |     8 ||    29

Table legend: (Time is in decaauts)
 A = Elapsed time spent in this place.
 B = Non-inter-level travel time spent in this place.
 C = Inter-level travel time spent in this place.
 D = Time resting spent in this place.
 E = Time spent auto-exploring this place.
 F = Levels seen in this place.
 G = Mean time per level.
                   A        B        C        D        E       F      G
               +--------+--------+--------+--------+--------+-----+--------+
         Total |   1273 |   1273 |      0 |    972 |      0 |   1 | 1273.0 |
       Dungeon |   1273 |   1273 |      0 |    972 |      0 |   1 | 1273.0 |
               +--------+--------+--------+--------+--------+-----+--------+

Top non-repeatable levels by time:
       D: 1273 daAuts
